 Dungeon Crawl Stone Soup version bcrawl-1.34.3 (webtiles) character file.

Game seed: 9073598043741996521

326033 KristoblXynda the Slicer (level 10, -1/66 HPs)
             Began as a Kobold Gladiator on Oct 18, 2021.
             Was a High Priest of Dithmenos.
             Killed by divine providence
             ... invoked by an orc priest
              (11 damage)
             ... on level 8 of the Dungeon.
             The game lasted 00:16:16 (7858 turns).

KristoblXynda the Slicer (Kobold Gladiator)         Turns: 7858, Time: 00:16:16

Health: -1/66      AC: 10    Str: 15    XL:     10   Next: 90%
Magic:  13/13      EV: 21    Int: 10    God:    Dithmenos [*****.]
Gold:   211        SH:  7    Dex: 16    Spells: 7/9 levels left

rFire    + . .     SeeInvis .   s - +3 dagger
rCold    + + .     Gourm    .   v - +0 buckler {rPois}
rNeg     + . .     Faith    .   g - +0 ring mail {rC+}
rPois    +         Spirit   .   c - +0 helmet
rElec    +         Reflect  .   A - +0 cloak of Chill Winds {rF+ rN+ Slay+2}
rCorr    .         Harm     .   C - +0 pair of gloves
MR       .....                  p - +0 pair of boots
Stlth    ++++++....             (no amulet)
HPRegen  0.21/turn              b - +3 ring of evasion
MPRegen  0.13/turn              y - ring "Sicen" {rElec rC+ Slay+3}

@: wreathed by umbra
A: small, talons 1, carnivore, mutation resistance 1, sense surroundings 2
a: Shadow Step, Shadow Form, Renounce Religion


You were on level 8 of the Dungeon.
You worshipped Dithmenos.
Dithmenos was extremely pleased with you.
You were very full.

You visited 2 branches of the dungeon, and saw 9 of its levels.

You collected 750 gold pieces.
You spent 539 gold pieces at shops.

Inventory:

Hand Weapons
 l - a +2 dagger of draining
 s - a +3 dagger (weapon)
Missiles
 d - 3 throwing nets (quivered) {=f}
Armour
 c - a +0 helmet (worn)
 g - a +0 ring mail of cold resistance (worn)
 p - a +0 pair of boots (worn)
 v - a +0 buckler of poison resistance (worn)
 A - the +0 cloak of Chill Winds (worn) {rF+ rN+ Slay+2}
   (You bought it in a shop on level 6 of the Dungeon)

   It affects your accuracy and damage with ranged weapons and melee attacks
   (+2).
   It protects you from fire.
   It protects you from negative energy.
 C - a +0 pair of gloves (worn)
Jewellery
 b - a +3 ring of evasion (left hand)
 q - an uncursed ring of wizardry
 w - an uncursed ring of stealth
 y - the ring "Sicen" (right hand) {rElec rC+ Slay+3}
   (You took it off a gnoll on level 4 of the Dungeon)

   [ring of protection from cold]

   It affects your accuracy and damage with ranged weapons and melee attacks
   (+3).
   It protects you from cold.
   It insulates you from electricity.
Wands
 x - a wand of iceblast (23)
Scrolls
 f - a scroll of remove curse
 h - 7 scrolls of teleportation
 j - 3 scrolls of amnesia
Potions
 k - a potion of might {unknown}
 m - a potion of haste {unknown}
 n - a potion of brilliance
 o - 4 potions of agility
 r - a potion of invisibility
 t - 4 potions of curing
 u - a potion of mutation
 z - a potion of flight {unknown}
 B - a potion of ambrosia {unknown}
Comestibles
 e - 15 rations {!d}


   Skills:
 - Level 5.0 Fighting
 + Level 10.4 Short Blades
 - Level 2.6 Throwing
 - Level 4.3 Armour
 + Level 9.6 Dodging
 + Level 10.3 Stealth
 + Level 4.3 Shields
 - Level 5.0 Invocations


You had 7 spell levels left.
You knew the following spells:

 Your Spells              Type           Power        Failure   Level  Hunger
a - Passwall              Tmut/Erth      #.......     95%         2    ####...

Your spell library contained the following spells:

 Spells                   Type           Power        Failure   Level  Hunger
 Beastly Appendage        Tmut           #.....       88%         1    None
 Magic Dart               Conj           #...         88%         1    None
 Summon Small Mammal      Summ           #...         88%         1    None
 Blink                    Tloc           N/A          95%         2    ####...
 Call Imp                 Summ           #.....       95%         2    ####...
 Searing Ray              Conj           #.......     95%         2    ####...
 Sticks to Snakes         Tmut           #.......     95%         2    ####...
 Call Canine Familiar     Summ           #.......     99%         3    #####..
 Conjure Flame            Conj/Fire      #.......     99%         3    #####..
 Iskenderun's Mystic Bla  Conj           #.......     99%         3    #####..
 Mephitic Cloud           Conj/Pois/Air  #.......     99%         3    #####..
 Spider Form              Tmut/Pois      #..          99%         3    #####..
 Fulminant Prism          Conj/Hex       #.........   100%        4    ######.
 Ice Form                 Ice/Tmut       #.......     100%        4    ######.
 Summon Ice Beast         Ice/Summ       #.......     100%        4    ######.
 Blade Hands              Tmut           #.........   100%        5    #######
 Irradiate                Conj/Tmut      #.........   100%        5    #######
 Summon Lightning Spire   Summ/Air       #.......     100%        5    #######


Dungeon Overview and Level Annotations

Branches:
Dungeon (8/12)             Temple (1/1) D:4            Lair (0/6) D:7
    Orc (0/1) D:8

Altars:
Ashenzari
Cheibriados
Dithmenos
Elyvilon
Fedhas
Gozag
Kikubaaqudgha
Lugonu
Makhleb
Nemelex Xobeh
Okawaru
Ru
Sif Muna
Trog
Uskayaw
Vehumet
Wu Jian
Yredelemnul
Zin
The Shining One
Beogh

Shops:
D:4 *   D:6 [   D:7 ?

Annotations:
D:5 2 transporters, yrara's ghost, novice DsFi
D:7 3 runed translucent doors, dcsswall's ghost, novice FoAc


Innate Abilities, Weirdness & Mutations

You are small and have problems with some larger weapons.
You have sharp toenails.
You are carnivorous and can eat meat at any time.
You are somewhat resistant to further mutation.
You passively map the area around you.


Message History

The hound is severely wounded.
The hound misses you.
You hit the hound but do no damage.
The hound is severely wounded.
The orc priest invokes the aid of Beogh against you.
Beogh smites you!
* * * LOW HITPOINT WARNING * * *
The hound completely misses you.
As you read the scroll of fear, it crumbles to dust.
You assume a fearsome visage.
The orc wizard looks frightened!
The orc priest looks frightened! x2; The orc looks frightened!
The orc priest looks frightened!
The orc looks frightened!
The worker ant looks frightened!
The hound looks frightened!
The orc wizard mumbles some strange words.
The orc wizard flickers and vanishes!
Deactivating autopickup; reactivate with Ctrl-A.
The orc priest yells at you, "GO AWAY!"
The orc priest invokes the aid of Beogh against you.
Beogh smites you!
You die... * #.# ,* * * #.# , oo...

#.# .o... #.# ,
...... #.# a.....
#.# , ....... #.#
, h.......# #.#
.>...o..{####@#
,,.o...oo.oh)...#
, ......#######.#
, ..... #.# ,
....,,* #.# , ...
#.# ,.. #.# * # *
#.# , , * #.#


You could see a hound (fleeing), an orc priest (fleeing) and an orc (fleeing).

Vanquished Creatures
  A centaur skeleton (D:5)
  3 trolls
  A hungry ghost (D:5)
  Edmund (D:4)
  2 orc warriors
  An ice beast (D:7)
  3 sky beasts
  A necrophage (D:7)
  2 ogres (D:4)
  2 centaurs
  4 wolves (D:7)
  2 bullfrogs (D:7)
  8 big kobolds
  A gnoll sergeant (D:4)
  4 scorpions
  2 howler monkeys (D:4)
  2 electric eels (D:7)
  2 orc priests (D:5)
  3 crimson imps
  9 hounds
  2 jellies (D:7)
  Crazy Yiuf (D:4)
  2 gnoll shamans (D:4)
  An orc wizard (D:5)
  4 iguanas
  Ijyb (D:4)
  6 worker ants
  A hound zombie (D:6)
  Robin (D:2)
  2 worker ant zombies (D:6)
  12 adders
  33 gnolls
  2 adder skeletons (D:4)
  2 adder zombies
  4 worms
  4 dart slugs
  2 leopard geckos
  6 orcs
  A ball python (D:1)
  3 bats
  7 giant cockroaches
  14 goblins
  12 hobgoblins
  29 jackals
  2 quokkas
  6 frilled lizards
  A jackal skeleton (D:4)
  A jackal zombie (D:5)
  52 kobolds
  2 quokka skeletons (D:4)
  7 rats
  A plant (D:4)
278 creatures vanquished.

Notes
Turn   | Place    | Note
-------+----------+-------------------------------------------
     0 | D:1      | KristoblXynda the Kobold Gladiator began the quest for the
                  | Orb.
     0 | D:1      | Reached XP level 1. HP: 16/16 MP: 1/1
   219 | D:1      | Reached XP level 2. HP: 21/21 MP: 2/2
   279 | D:1      | Reached skill level 1 in Stealth
   391 | D:1      | Reached XP level 3. HP: 26/26 MP: 3/3
   848 | D:2      | Noticed Robin
   859 | D:1      | Reached skill level 1 in Armour
   874 | D:1      | Reached XP level 4. HP: 25/33 MP: 4/4
   979 | D:2      | Killed Robin
  1306 | D:2      | Reached XP level 5. HP: 35/37 MP: 5/5
  1354 | D:2      | Found a burning altar of Makhleb.
  1858 | D:3      | Reached skill level 5 in Short Blades
  1934 | D:3      | Found a glowing silver altar of Zin.
  1939 | D:3      | Found a shadowy altar of Dithmenos.
  1953 | D:3      | Became a worshipper of Dithmenos the Shadowed
  2183 | D:3      | Reached XP level 6. HP: 36/43 MP: 6/6
  2285 | D:3      | Found an iron altar of Okawaru.
  2532 | D:3      | Reached skill level 5 in Dodging
  2541 | D:3      | Reached * piety under Dithmenos
  2545 | D:3      | Reached XP level 7. HP: 20/49 MP: 7/7
  2659 | D:3      | Reached skill level 5 in Fighting
  2862 | D:4      | Found a staircase to the Ecumenical Temple.
  2913 | Temple   | Entered the Ecumenical Temple
  3011 | D:4      | Reached skill level 5 in Stealth
  3011 | D:4      | Reached XP level 8. HP: 55/55 MP: 8/8
  3060 | D:4      | Found Efut's Assorted Antiques.
  3074 | D:4      | Reached ** piety under Dithmenos
  3080 | D:4      | Bought a scroll of identify for 52 gold pieces
  3080 | D:4      | Bought a scroll of identify for 52 gold pieces
  3154 | D:4      | Reached skill level 1 in Invocations
  3275 | D:4      | Noticed Edmund
  3282 | D:4      | Killed Edmund
  3440 | D:4      | Noticed Ijyb
  3461 | D:4      | Killed Ijyb
  3518 | D:4      | Identified the ring "Sicen" {rElec rC+ Slay+3}
  3543 | D:4      | Reached *** piety under Dithmenos
  3649 | D:4      | Reached XP level 9. HP: 55/61 MP: 11/11
  4239 | D:4      | Found a runed door.
  4536 | D:4      | Noticed Crazy Yiuf
  4540 | D:4      | Killed Crazy Yiuf
  4584 | D:5      | Entered Level 5 of the Dungeon
  4591 | D:5      | Found a transporter.
  4595 | D:5      | Found a transporter.
  4605 | D:5      | Found a shimmering blue altar of Sif Muna.
  4686 | D:5      | Reached **** piety under Dithmenos
  4791 | D:5      | Found an ancient bone altar of Kikubaaqudgha.
  4947 | D:5      | Noticed a purple ugly thing
  4948 | D:5      | Found a transporter.
  4948 | D:5      | Found a transporter.
  4948 | D:5      | Noticed yrara's ghost (novice DsFi)
  5101 | D:5      | Found a radiant altar of Vehumet.
  5151 | D:5      | Found a bloodstained altar of Trog.
  5542 | D:6      | Reached skill level 5 in Invocations
  5633 | D:6      | Got a crystal long sword
  5634 | D:6      | Identified the cursed +1 long sword "Xom's Ringing
                  | Laughter" {freeze, *Contam rC+ Str+6} (You found it on
                  | level 6 of the Dungeon)
  5666 | D:6      | Found Usicw's Armour Boutique.
  5669 | D:6      | Bought the cursed +0 cloak of Chill Winds {rF+ rN+ Slay+2}
                  | for 309 gold pieces
  5696 | D:6      | Bought a +0 buckler of poison resistance for 93 gold pieces
  5764 | D:6      | Reached XP level 10. HP: 63/66 MP: 13/13
  5834 | D:6      | Reached skill level 1 in Shields
  5854 | D:6      | Found a sparkling altar of Nemelex Xobeh.
  6228 | D:6      | Found a basalt altar of Yredelemnul.
  6341 | D:6      | Found a hide-covered altar of Uskayaw.
  6461 | D:7      | Found Ywoxit's Magic Scroll Shop.
  6464 | D:7      | Bought a scroll of remove curse for 33 gold pieces
  6697 | D:7      | Learned a level 2 spell: Passwall
  6980 | D:7      | Found a white marble altar of Elyvilon.
  7142 | D:7      | Found a staircase to the Lair.
  7160 | D:7      | Reached skill level 10 in Short Blades
  7160 | D:7      | Reached ***** piety under Dithmenos
  7205 | D:7      | Reached skill level 10 in Stealth
  7487 | D:7      | Found a runed translucent gate.
  7488 | D:7      | Found a runed translucent gate.
  7488 | D:7      | Identified the cursed +1 spear "Paditi" {protect, rElec rN+
                  | Int-2}
  7488 | D:7      | Identified the +5 plate armour of the Eternal Void {-Cast
                  | Str-2 Int+9 Slay+3}
  7489 | D:7      | Found a runed translucent gate.
  7491 | D:7      | Noticed dcsswall's ghost (novice FoAc)
  7495 | D:7      | Found a roughly hewn altar of Beogh.
  7824 | D:8      | Found a staircase to the Orcish Mines.
  7858 | D:8      | Killed from afar by an orc priest

Skill      XL: |  1  2  3  4  5  6  7  8  9 10 |
---------------+-------------------------------+-----
Stealth        | 1 2 3 4 5 6 8 10 | 10.3
Dodging        | 4 5 6 8 9 |  9.6
Armour         | 1 2 3 4 |  4.3
Fighting       | 4 5 |  5.0
Short Blades   | 5 6 7 9 10 | 10.4
Invocations    | 2 5 |  5.0
Shields        | 4 |  4.3
Throwing       | |  2.6

Action                   |  1- 3 |  4- 6 |  7- 9 | 10-12 || total
-------------------------+-------+-------+-------+-------++-------
Melee: Rapier            |    38 |       |       |       ||    38
       Kick              |    15 |     3 |       |       ||    18
       Dagger            |    33 |   205 |   420 |   140 ||   798
       Long sword        |       |       |    14 |    52 ||    66
Evoke: Wand              |       |       |     1 |     4 ||     5
  Use: Scroll            |       |     2 |     7 |     3 ||    12
       Potion            |       |       |       |     2 ||     2
 Stab: Sleeping          |     2 |       |    17 |    17 ||    36
       Distracted        |       |       |     2 |       ||     2
  Eat: Chunk             |       |    18 |    17 |    16 ||    51
Armor: Ring mail         |    18 |    53 |    37 |    24 ||   132
Dodge: Dodged            |    56 |   181 |   260 |   160 ||   657
Block: Buckler           |       |       |     5 |    67 ||    72
       Other             |       |       |     1 |       ||     1
